 Dungeon Crawl Stone Soup version 0.25-a0-663-gace7076f2c (webtiles) character file.

Game seed: 7217591307947948921, levelgen mode: deterministic

8831 ipx the Cleaver (level 11, -3/63 HPs)
             Began as a Gargoyle Arcane Marksman on Mar 25, 2020.
             Was a Priest of Makhleb.
             Slain by an alligator skeleton (5 damage)
             ... in a volcano.
             The game lasted 01:18:23 (5425 turns).

ipx the Cleaver (Gargoyle Arcane Marksman)          Turns: 5425, Time: 01:18:23

Health: -3/63      AC: 14    Str: 15    XL:     11   Next: 37%
Magic:  15/15      EV: 14    Int: 13    God:    Makhleb [***...]
Gold:   121        SH:  0    Dex: 13    Spells: 4/12 levels left

rFire    . . .     SeeInvis .   a - +2 battleaxe (venom)
rCold    + . .     Gourm    .   (shield currently unavailable)
rNeg     + . .     Faith    .   i - +2 leather armour {rC+}
rPois    ∞         Spirit   .   (no helmet)
rElec    +         Reflect  .   (no cloak)
rCorr    .         Harm     .   s - +0 pair of gloves
MR       .....                  (no boots)
Stlth    +.........             R - amulet of rage
HPRegen  0.20/turn              (no ring)
MPRegen  0.14/turn              (no ring)

@: no status effects
A: negative energy resistance 1, electricity resistance, unbreathing,
petrification resistance, rot immunity, AC +8
a: Minor Destruction, Lesser Servant of Makhleb, Renounce Religion, Evoke
Berserk Rage


You were in a volcano.
You worshipped Makhleb.
Makhleb was most pleased with you.
You were not hungry.

You visited 3 branches of the dungeon, and saw 12 of its levels.
You also visited: Sewer and Volcano.

You collected 401 gold pieces.
You spent 280 gold pieces at shops.

Inventory:

Hand Weapons
 a - a +2 battleaxe of venom (weapon)
 b - a +4 dagger
 w - a +1 flail of protection
Missiles
 q - 22 poisoned darts
 v - 9 boomerangs (quivered)
 x - 4 javelins
Armour
 i - a +2 leather armour of cold resistance (worn)
 s - a +0 pair of gloves (worn)
Jewellery
 n - an uncursed ring of ice
 R - an amulet of rage (around neck)
Wands
 y - a wand of paralysis (8)
 B - a wand of enslavement (5)
Scrolls
 g - a scroll of blinking
 h - 3 scrolls of fog
 l - 5 scrolls of immolation
 m - 7 scrolls of teleportation
 r - a scroll of magic mapping
 u - 4 scrolls of remove curse
 D - a scroll of summoning
Potions
 c - 3 potions of lignification
 d - a potion of haste
 e - a potion of curing
 j - 2 potions of stabbing
 p - 2 potions of cancellation {unknown}
 t - a potion of might
 z - a potion of berserk rage {unknown}
 A - 3 potions of brilliance {unknown}
 C - a potion of ambrosia {unknown}
Comestibles
 f - 19 rations


   Skills:
 - Level 5.0 Fighting
 * Level 8.9(9.2) Axes
 - Level 4.1(7.4) Maces & Flails
 - Level 6.0 Throwing
 + Level 5.2 Dodging
 - Level 1.0 Spellcasting
 - Level 6.0 Hexes
 + Level 3.2 Translocations
 + Level 0.4 Invocations
 - Level 6.0 Evocations


You had 4 spell levels left.
You knew the following spells:

 Your Spells              Type           Power        Failure   Level  Hunger
a - Apportation           Tloc           #.....       9%          1    ##.....
c - Corona                Hex            ###....      3%          1    ##.....
e - Cause Fear            Hex            ###.......   28%         4    #####..
s - Slow                  Hex            ###.....     4%          2    ###....

Your spell library contained the following spells:

 Spells                   Type           Power        Failure   Level  Hunger
 Portal Projectile        Hex/Tloc       ##....       16%         3    ####...
 Inner Flame              Hex/Fire       #.......     30%         3    ####...
 Animate Skeleton         Necr           N/A          34%         1    ##.....
 Summon Small Mammal      Summ           #...         34%         1    ##.....
 Leda's Liquefaction      Hex/Erth       #.........   69%         4    #####..


Dungeon Overview and Level Annotations

Branches:
Dungeon (10/15)            Temple (1/1) D:4            Lair (1/6) D:10
  Sewer (visited)         Volcano (1/1)
    Orc: D:9-12

Altars:
Ashenzari
Cheibriados
Dithmenos
Elyvilon
Fedhas
Hepliaklqana
Kikubaaqudgha
Makhleb
Nemelex Xobeh
Okawaru
Qazlal
Ru
Sif Muna
Trog
Uskayaw
Vehumet
Wu Jian
Xom
Yredelemnul
Zin
The Shining One

Shops:
D:8 :


Innate Abilities, Weirdness & Mutations

You are resistant to torment.
Your stone body is resilient. (AC +8)
You are immune to poison.
You resist negative energy. (rN+)
You are resistant to electric shocks. (rElec)
You can survive without breathing.
You are immune to petrification.
You are immune to rotting.


Message History

The alligator skeleton is heavily damaged.
The air gets thick with the scent of sulphur.
The alligator skeleton bites you.
* * * LOW HITPOINT WARNING * * *
The alligator skeleton tail-slaps you.
* * * LOW HITPOINT WARNING * * *
You slash the alligator skeleton!
The alligator skeleton is severely damaged.
The alligator skeleton closely misses you.
The alligator skeleton barely misses you.
You slash the alligator skeleton!
The alligator skeleton is almost destroyed.
In the distance, the volcano erupts with a roar.
The alligator skeleton bites you but does no damage.
The alligator skeleton tail-slaps you.
* * * LOW HITPOINT WARNING * * *
The alligator skeleton bites you!
* * * LOW HITPOINT WARNING * * *
The alligator skeleton tail-slaps you.
You die...

≈≈☼○≈°≈.....§.###)#..#.###
§§○○○°≈≈...#.##...........
≈§○○≈≈≈≈≈..######.....Z###
§≈§○§≈≈≈≈≈## ##.##.## §☼
≈§§≈## #.# # ≈≈§# ###.#
≈## #...# #Z..# #@..#
#####


You could see an alligator skeleton.

Vanquished Creatures
  Fannar (D:10)
  A two-headed ogre (D:9)
  An elephant (D:10)
  2 gargoyles (Volcano)
  A centaur skeleton (D:10)
  A troll (D:10)
  Prince Ribbit (D:7)
  3 hippogriffs
  3 flying skulls (Volcano)
  A human (D:8)
  An alligator skeleton (Volcano)
  4 hogs (D:8)
  A basilisk (D:10)
  A wraith (D:10)
  A hungry ghost (D:9)
  Edmund (D:4)
  Menkaure (D:7)
  A water moccasin (D:5)
  2 sky beasts (D:5)
  A necrophage (D:10)
  2 orc warriors
  An ice beast (D:7)
  4 ogres
  3 centaurs
  A crocodile (D:10)
  6 bullfrogs
  A gnoll sergeant (D:10)
  3 scorpions
  4 wights (D:5)
  A spriggan skeleton (Volcano)
  2 troll skeletons (Volcano)
  A centaur zombie (D:5)
  5 crimson imps
  4 bullfrog zombies
  3 hounds
  4 orc priests
  2 jellies
  3 iguanas
  2 bullfrog skeletons (D:3)
  6 orc wizards
  2 worker ants
  2 worker ant zombies
  12 gnolls
  6 adders
  3 shadow imps
  18 oozes
  2 adder skeletons (D:5)
  A worm (D:3)
  A dart slug (D:2)
  8 leopard geckos
  16 orcs
  10 giant cockroaches
  6 goblins
  8 hobgoblins
  16 jackals
  2 quokkas (D:7)
  14 ball pythons
  5 bats
  10 frilled lizards
  4 kobolds
  A quokka skeleton (D:8)
  11 rats
245 creatures vanquished.

Vanquished Creatures (collateral kills)
  An orc wizard (D:10)
  2 orcs (D:10)
3 creatures vanquished.

Grand Total: 248 creatures vanquished

Notes
Turn   | Place    | Note
-------+----------+-------------------------------------------
     0 | D:1      | ipx the Gargoyle Arcane Marksman began the quest for the
                  | Orb.
     0 | D:1      | Reached XP level 1. HP: 12/12 MP: 2/2
   122 | D:1      | Reached XP level 2. HP: 16/16 MP: 1/3
   132 | D:1      | Learned a level 2 spell: Slow
   367 | D:1      | Reached XP level 3. HP: 19/20 MP: 2/4
   931 | D:3      | Reached XP level 4. HP: 21/25 MP: 1/5
  1109 | D:3      | Reached XP level 5. HP: 10/30 MP: 2/6
  1201 | D:3      | Found a glowing drain.
  1217 | Sewer    | Entered a sewer
  1435 | Sewer    | Reached XP level 6. HP: 36/36 MP: 5/7
  1796 | D:4      | Reached XP level 7. HP: 27/42 MP: 4/8
  1824 | D:4      | Reached skill level 5 in Hexes
  1953 | D:4      | Found a white marble altar of Elyvilon.
  1964 | D:4      | Found a glowing golden altar of the Shining One.
  1964 | D:4      | Found a stormy altar of Qazlal.
  1964 | D:4      | Found a shadowy altar of Dithmenos.
  1966 | D:4      | Found a shimmering altar of Xom.
  2220 | D:4      | Found a staircase to the Ecumenical Temple.
  2228 | Temple   | Entered the Ecumenical Temple
  2299 | Temple   | Became a worshipper of Makhleb the Destroyer
  2367 | D:4      | Noticed Edmund
  2387 | D:4      | Killed Edmund
  2387 | D:4      | Reached skill level 5 in Throwing
  2513 | D:5      | Entered Level 5 of the Dungeon
  2574 | D:5      | Reached skill level 1 in Maces & Flails
  2574 | D:5      | Reached XP level 8. HP: 43/48 MP: 6/9
  2680 | D:5      | Reached skill level 5 in Fighting
  3271 | D:6      | Reached skill level 1 in Axes
  3480 | D:7      | Reached * piety under Makhleb
  3480 | D:7      | Reached skill level 2 in Axes
  3480 | D:7      | Reached skill level 1 in Evocations
  3481 | D:7      | Reached XP level 9. HP: 54/54 MP: 10/10
  3515 | D:7      | Noticed Prince Ribbit
  3534 | D:7      | Killed Prince Ribbit
  3534 | D:7      | Reached skill level 3 in Axes
  3626 | D:7      | Reached skill level 4 in Axes
  3868 | D:7      | Noticed Menkaure
  3876 | D:7      | Killed Menkaure
  3885 | D:7      | Reached skill level 5 in Axes
  3966 | D:8      | Reached XP level 10. HP: 49/59 MP: 12/12
  3979 | D:8      | Reached skill level 6 in Axes
  4041 | D:8      | Reached ** piety under Makhleb
  4116 | D:8      | Noticed a two-headed ogre
  4141 | D:8      | Learned a level 4 spell: Cause Fear
  4256 | D:8      | Found Icaitwi's Book Boutique.
  4439 | D:9      | Noticed a two-headed ogre
  4453 | D:9      | Killed a two-headed ogre
  4453 | D:9      | Reached skill level 7 in Axes
  4618 | D:8      | Bought a book of Cantrips for 280 gold pieces
  4620 | D:8      | Learned a level 1 spell: Apportation
  4748 | D:9      | Reached skill level 5 in Evocations
  4779 | D:10     | Entered Level 10 of the Dungeon
  4829 | D:10     | Reached skill level 1 in Translocations
  4920 | D:10     | Noticed an elephant
  4953 | D:10     | Reached *** piety under Makhleb
  4967 | D:10     | Reached skill level 8 in Axes
  4976 | D:10     | Noticed Fannar
  4992 | D:10     | Killed an elephant
  4992 | D:10     | Reached XP level 11. HP: 63/63 MP: 15/15
  4999 | D:10     | Killed Fannar
  4999 | D:10     | Reached skill level 5 in Dodging
  5066 | D:10     | Found a staircase to the Lair.
  5089 | Lair:1   | Entered Level 1 of the Lair of Beasts
  5094 | Lair:1   | Found a dark tunnel.
  5104 | Volcano  | Entered a volcano
  5399 | Volcano  | HP: 3/63 [something (17)]
  5425 | Volcano  | HP: 2/63 [alligator skeleton (9)]
  5425 | Volcano  | Slain by an alligator skeleton

Levels and vault maps discovered:
D:1:      minmay_arrival_four_circles, layout_basic
D:2:      layout_basic, tso_altar
D:3:      layout_loops_cross, portal_sewer_entry_b
D:4:      layout_loops_ring, minitemple, temple_fountains, uniq_edmund
D:5:      kennysheep_six_static_rooms, layout_basic, first_ration
D:6:      layout_loops_cross
D:7:      layout_loops_ring, nicolae_gozag_seed_capital, uniq_prince_ribbit1,
          uniq_menkaure
D:8:      layout_basic, serial_shops, kennysheep_little_box, grunt_livestock
D:9:      layout_roguey
D:10:     layout_rooms, david_lair_generic, david_orc_2,
          david_defended_altar_orc, uniq_fannar
Temple:   eino_temple_rhombus
Lair:1:   layout_gridlike, nicolae_volcano_entry_lava_flow, uniq_erica,
          uniq_nergalle
Volcano:  volcano_tomb [vts_chambers]

Skill      XL: |  1  2  3  4  5  6  7  8  9 10 11 |
---------------+----------------------------------+-----
Throwing       | 2 3 4 5 6 |  6.0
Hexes          | 3 4 5 6 |  6.0
Fighting       | 2 3 4 5 |  5.0
Maces & Flails | 1 3 4 |  4.1
Axes           | 2 5 8 |  8.9
Evocations     | 1 3 5 6 |  6.0
Dodging        | 3 4 5 |  5.2
Translocations | 2 3 |  3.2
Spellcasting   | |  1.0
Invocations    | |  0.4

Action                   |  1- 3 |  4- 6 |  7- 9 | 10-12 || total
-------------------------+-------+-------+-------+-------++-------
Melee: Unarmed           |    18 |       |       |       ||    18
       Short sword       |    43 |       |       |       ||    43
       Dagger            |    29 |   175 |    59 |       ||   263
       Flail             |       |       |   154 |       ||   154
       Battleaxe         |       |       |   111 |   235 ||   346
Throw: Javelin           |    19 |    29 |    17 |     4 ||    69
       Stone             |     9 |       |       |       ||     9
       Throwing net      |       |     4 |       |       ||     4
       Dart              |       |    13 |    39 |    13 ||    65
       Boomerang         |       |       |     9 |    27 ||    36
 Cast: Corona            |    32 |    47 |    35 |    14 ||   128
       Slow              |     2 |     5 |    10 |     7 ||    24
       Apportation       |       |       |       |     1 ||     1
 Abil: Evoke Berserk Rag |       |       |     6 |     4 ||    10
Evoke: Wand              |       |       |     1 |     3 ||     4
  Use: Scroll            |     4 |     3 |     3 |     4 ||    14
       Potion            |       |     5 |     1 |     4 ||    10
 Stab: Held in net/web   |       |     2 |       |       ||     2
       Paralysed         |       |       |     3 |     6 ||     9
  Eat: Chunk             |     1 |     6 |    13 |     9 ||    29
       Ration            |       |       |     1 |     1 ||     2
Armor: Ring mail         |     9 |       |       |       ||     9
       Leather armour    |    32 |    82 |   197 |   104 ||   415
Dodge: Dodged            |    61 |   120 |   177 |   191 ||   549

Table legend:
 A = Non-vault XP
 B = Vault XP
 C = Vault XP percentage of total XP
 D = Non-vault monster count
 E = Vault monster count
 F = Vault count percentage of total count
                 A         B        C        D         E       F
            +---------+---------+-------+---------+---------+-------
      Total |    6784 |    5833 |  46.2 |     162 |      86 |  34.7
            +---------+---------+-------+---------+---------+-------
        D:1 |      49 |       0 |   0.0 |      27 |       0 |   0.0
        D:2 |      17 |       0 |   0.0 |       9 |       0 |   0.0
        D:3 |     152 |       4 |   2.6 |      17 |       3 |  15.0
        D:4 |     362 |     157 |  30.3 |       9 |       1 |  10.0
        D:5 |     754 |      98 |  11.5 |      13 |       5 |  27.8
        D:6 |     225 |       0 |   0.0 |       9 |       0 |   0.0
        D:7 |    1427 |     431 |  23.2 |      23 |       2 |   8.0
        D:8 |     642 |     995 |  60.8 |      23 |       5 |  17.9
        D:9 |    1725 |       0 |   0.0 |      16 |       0 |   0.0
       D:10 |    1431 |    2092 |  59.4 |      16 |       5 |  23.8
      Sewer |       0 |     392 | 100.0 |       0 |      56 | 100.0
    Volcano |       0 |    1664 | 100.0 |       0 |       9 | 100.0
            +---------+---------+-------+---------+---------+-------
